cohdb
Replays
Latest Replays
All Replays
Popular Replays
Top Player Replays
Match Explorer
How It Works
Community
CoH3 Stats
Reddit
Sign in to upload your games and track your stats! →
Sign in with Steam
Match 46277766
Unlisted
Match 46277766
Overview
Messages
Build Orders
End
Royal Engineer Section
Construct Section Command Post
Dingo Light Scout Car
Infantry Section
Construct Platoon Command Post
Infantry Section
Humber Armored Car
Selects Heavy Armor Battlegroup
Selects Rigorous Vehicle Training
6-pounder Anti-tank Gun Team
Selects Light Vehicle Withdraw and Refit
Royal Engineer Section
Infantry Section
Vickers Machine Gun Team
Infantry Section
Infantry Training
Construct Company Command Post
Selects UNKNOWN (202330)
Crusader II Medium Tank
Fochkes
Man
koba (Monkey man)
战斗兵
0
0
Comments
sign in to comment!
No comments posted yet!